 Dungeon Crawl Stone Soup version 0.16.2-12-gd0ad4c3 (webtiles) character file.

172519 Kloppie the Tortoise (level 17, -1/244 HPs)
             Began as a Minotaur Berserker on Oct 27, 2015.
             Was the Champion of Trog.
             Shot with an arrow of frost by a naga sharpshooter (4 damage)
             ... led by Vashnia
             ... on level 4 of the Snake Pit.
             The game lasted 01:40:12 (29116 turns).

Kloppie the Tortoise (Minotaur Berserker)          Turns: 29116, Time: 01:40:13

Health: -1/244     AC: 25    Str: 31    XL:     17   Next: 41%
Magic:  10/10      EV: 18    Int: 19    God:    Trog [******]
Gold:   1008       SH:  5    Dex: 11    Spells: 0 memorised, 16 levels left

rFire  . . .     SeeInvis .     m - +2 eveningstar (antimagic)
rCold  . . .     Clarity  .     t - +3 swamp dragon armour "Niser" {rPois MR+ Str+2 Int+6}
rNeg   . . .     SustAb   .     W - +0 buckler
rPois  +         Gourm    .     I - +1 hat of Magic {rElec rC- Int+4 Dex-4 Stlth+}
rElec  +         Spirit   .     C - +0 cloak
rCorr  .         Warding  .     D - +2 pair of gloves of Complete Protection {rC+ Regen+}
rMut   .         Stasis   .     (no boots)
MR     ++++.                    h - amulet of regeneration
Stlth  ..........               x - ring of Umutoata {MP+9 Int+5 Slay+3}
                                F - +3 ring of protection

@: berserking, regenerating, very quick, incredibly resistant to hostile
enchantments, extremely unstealthy
A: retaliatory headbutt, horns 2
a: Burn Spellbooks, Berserk, Trog's Hand, Brothers in Arms, Renounce Religion


You were on level 4 of the Snake Pit.
You worshipped Trog.
Trog was exalted by your worship.
You were hungry.

You visited 5 branches of the dungeon, and saw 30 of its levels.
You also visited: Sewer and Volcano.

You collected 3497 gold pieces.
You spent 2489 gold pieces at shops.

Inventory:

Hand weapons
 a - a +6 antimagic great mace
 m - a +2 antimagic eveningstar (weapon)
Armour
 l - a +0 pair of gloves of fire resistance
 t - the +3 swamp dragon armour "Niser" (worn) {rPois MR+ Str+2 Int+6}
   (You bought it in a shop on level 4 of the Orcish Mines)

   It affects your strength (+2).
   It affects your intelligence (+6).
   It protects you from poison.
   It affects your resistance to hostile enchantments.
 C - a +0 cloak (worn)
 D - the +2 pair of gloves of Complete Protection (worn) {rC+ Regen+}
   (You found it on level 1 of the Swamp)

   It protects you from cold.
   It increases your rate of regeneration.
 I - the +1 hat of Magic (worn) {rElec rC- Int+4 Dex-4 Stlth+}
   (You acquired it on level 3 of the Lair of Beasts)

   It affects your intelligence (+4).
   It affects your dexterity (-4).
   It makes you vulnerable to cold.
   It insulates you from electricity.
   It makes you more stealthy.
 J - a +2 hat of magic resistance
 W - a +0 buckler (worn)
Jewellery
 h - an amulet of regeneration (around neck)
 o - an uncursed amulet of resist corrosion
 p - an uncursed ring of ice
 v - an uncursed amulet of stasis
 w - an uncursed ring of fire
 x - the ring of Umutoata (right hand) {MP+9 Int+5 Slay+3}
   (You bought it in a shop on level 5 of the Dungeon)

   [ring of magical power]

   It affects your intelligence (+5).
   It affects your accuracy and damage with ranged weapons and melee attacks
   (+3).
   It affects your magic capacity (+9).
 F - a +3 ring of protection (left hand)
 Z - an uncursed ring of see invisible
Magical devices
 k - a wand of fire (3)
 G - a wand of draining (4)
 K - a wand of paralysis (11)
 L - a wand of fireball (3)
Scrolls
 b - 5 scrolls of fear
 n - 9 scrolls of remove curse
 q - 2 scrolls of recharging
 y - 12 scrolls of teleportation
 z - 3 scrolls of magic mapping
 A - 3 scrolls of blinking
 B - 12 scrolls of identify
 M - a scroll of fog
 Q - a scroll of enchant armour
 T - a scroll of acquirement
Potions
 d - 6 potions of restore abilities
 e - 4 potions of magic
 f - 21 potions of curing
 g - 2 potions of flight
 j - 2 potions of resistance
 r - 3 potions of haste
 s - 5 potions of heal wounds
 u - a potion of berserk rage
 E - 4 potions of might
 H - a potion of brilliance
 N - a potion of agility
 O - 3 potions of cancellation
Comestibles
 c - 14 bread rations
 i - a beef jerky
 P - a meat ration
 R - a poisonous chunk of flesh
 S - 13 fruits


   Skills:
 + Level 17.8 Fighting
 - Level 14.9 Maces & Flails
 + Level 18.3 Armour
 - Level 15.0 Dodging
 - Level 6.1 Shields
 - Level 8.0 Evocations


You had 16 spell levels left.
You didn't know any spells.

Dungeon Overview and Level Annotations

Branches:
Dungeon (10/15)            Temple (0/1) D:4            Lair (8/8) D:10
  Swamp (4/5) Lair:6        Snake (4/5) Lair:5        Slime (0/6) Lair:6
    Orc (4/4) D:10            Elf (0/3) Orc:3

Altars:
Ashenzari
Cheibriados
Dithmenos
Gozag
Kikubaaqudgha
Makhleb
Okawaru
Ru
Trog
Vehumet
Xom
Yredelemnul
Zin
The Shining One
Jiyva

Shops:
D:5 *   D:6 :   D:10 [   Orc:1 %   Orc:2 [   Orc:4 ![}}   Snake:1 [   Snake:2 (

Annotations:
Swamp:1 exclusion: Roxanne, Roxanne
Snake:4 Vashnia


Innate Abilities, Weirdness & Mutations

You reflexively headbutt those who attack you in melee.
You have a pair of horns on your head.


Message History

The arrow of frost freezes you.
* * * LOW HITPOINT WARNING * * *
You barely miss the naga sharpshooter. You headbutt the naga sharpshooter!!
The naga sharpshooter is moderately wounded.
The naga sharpshooter spits poison at you.
The splash of poison misses you.
You puncture the naga sharpshooter!
The naga sharpshooter's magic leaks into the air.
Your headbutt misses the naga sharpshooter.
The naga sharpshooter is heavily wounded.
Vashnia shoots a bolt.
The bolt hits you!
* * * LOW HITPOINT WARNING * * *
The bolt burns you.
* * * LOW HITPOINT WARNING * * *
The naga sharpshooter gestures wildly while chanting.
The naga sharpshooter magically shoots an arrow of frost.
The arrow of frost hits you!
* * * LOW HITPOINT WARNING * * *
The arrow of frost freezes you.
You die...

............................#
.........†......((...........
.........##.........(.....##.
...................(?.....#
..................(..(...##
.................(...?......
...##...........(........###
... ...........N(......#.#
..............N@......(..
.........#...NN.....#.
.#.............#..#
..........(##.# ...#.......#
.$.%.#..... ....##..... ##.
..## #


You could see Vashnia and 3 naga sharpshooters.

Vanquished Creatures
  A thorn hunter (Swamp:4)
  A greater naga (Snake:3)
  Gastronok (D:8)
  A stone giant (Orc:4)
  5 dire elephants (Lair:8)
  Snorg (Swamp:1)
  Fannar (Lair:2)
  2 ogre magi (Orc:4)
  11 hydras
  4 naga warriors
  8 anacondas
  7 death yaks
  7 alligators
  2 centaur warriors
  3 naga sharpshooters
  3 shock serpents
  4 hill giants
  2 deep trolls (Orc:4)
  A shambling mangrove (Swamp:3)
  3 naga ritualists
  The ghost of Kloppie the Skirmisher, an experienced DgFi (D:6)
  5 swamp dragons
  An orc knight (Orc:3)
  4 mana vipers
  6 statues (Volcano)
  An orc sorcerer (Orc:4)
  2 cyclopes (Orc:4)
  2 griffons (Lair:8)
  3 ugly things (Swamp:4)
  19 elephants
  4 hornets
  3 salamanders
  13 slime creatures
  Joseph (D:8)
  4 guardian serpents
  29 black mambas
  3 torpor snails (Lair:5)
  2 kobold demonologists (Swamp:2)
  7 naga magi
  A yaktaur (Volcano)
  11 spiny frogs
  8 trolls
  8 komodo dragons
  6 two-headed ogres (Orc:4)
  Sonja (D:10)
  2 baby alligators (Swamp:2)
  5 giant leeches
  Prince Ribbit (D:4)
  2 ravens (Swamp:3)
  6 bog bodies
  23 blink frogs
  3 spriggans (Swamp:3)
  2 basilisks
  26 yaks
  3 shadows
  2 fire bats (Volcano)
  5 hippogriffs
  A deep elf fighter (D:10)
  A hungry ghost (D:7)
  19 swamp worms
  10 vampire mosquitoes (Swamp:2)
  A warg (Orc:4)
  23 nagas
  4 insubstantial wisps (Swamp:1)
  Edmund (Orc:1)
  14 wolves
  3 wyverns
  10 porcupines
  2 soldier ants (D:8)
  30 water moccasins
  6 swamp drakes
  4 wasps
  28 ogres
  2 ice beasts
  An eye of draining (D:9)
  18 orc warriors
  7 phantoms
  2 spiders (D:8)
  3 centaurs
  2 sky beasts (D:10)
  2 boring beetles (Lair:8)
  18 crocodiles
  Blork the orc (D:7)
  18 giant frogs
  3 scorpions
  A water moccasin skeleton (D:10)
  2 electric eels (Lair:3)
  11 killer bees (D:8)
  5 wights (D:10)
  4 lava snakes (Volcano)
  A centaur zombie (D:8)
  3 crimson imps
  A goliath beetle (D:7)
  9 hounds
  3 iron imps (D:4)
  8 jellies
  22 orc priests
  3 centaur skeletons
  8 iguanas
  2 giant frog skeletons (D:6)
  2 giant frog zombies (D:7)
  37 orc wizards
  5 worker ants
  13 sheep
  A hound skeleton (D:4)
  A mummy (D:7)
  Robin (D:3)
  4 gnolls (D:10)
  25 adders
  80 river rats
  4 shadow imps
  3 giant mites
  2 worms (D:6)
  An adder zombie (D:9)
  5 giant geckos
  9 oozes
  175 orcs
  6 ball pythons
  26 bats
  A bat zombie (D:8)
  25 goblins
  19 hobgoblins
  6 jackals
  11 kobolds
  14 quokkas
  7 giant cockroaches
  A giant cockroach zombie (D:6)
  2 giant gecko skeletons (D:4)
  10 giant newts
  37 rats
  2 ballistomycetes (D:9)
  2 plants (Lair:8)
1147 creatures vanquished.

Vanquished Creatures (collateral kills)
  Nikola (Snake:2)
1 creature vanquished.

Vanquished Creatures (others)
  A spiny frog (Lair:6)
  An iguana (D:9)
  3 orcs (D:9)
  A giant spore (D:9)
  A quokka (D:9)
  23 fungi
  5 plants
35 creatures vanquished.

Grand Total: 1183 creatures vanquished

Notes
Turn   | Place    | Note
--------------------------------------------------------------
     0 | D:1      | Kloppie, the Minotaur Berserker, began the quest for the Orb.
     0 | D:1      | Reached XP level 1. HP: 19/19 MP: 1/1
   323 | D:1      | Reached skill level 4 in Fighting
   374 | D:1      | Reached XP level 2. HP: 27/27 MP: 1/1
   748 | D:2      | Found a sacrificial altar of Ru.
   749 | D:2      | Reached XP level 3. HP: 32/34 MP: 2/2
   769 | D:2      | Acquired Trog's second power
  1209 | D:2      | Reached skill level 5 in Maces & Flails
  1209 | D:2      | Reached XP level 4. HP: 35/41 MP: 2/2
  1413 | D:2      | Reached skill level 5 in Fighting
  1796 | D:3      | Found a basalt altar of Yredelemnul.
  1821 | D:3      | Noticed Robin
  1845 | D:3      | Killed Robin
  2012 | D:3      | Found a bloodstained altar of Trog.
  2147 | D:3      | Reached XP level 5. HP: 41/48 MP: 2/2
  2334 | D:3      | Found an iron altar of Okawaru.
  2541 | D:4      | Noticed Prince Ribbit
  2693 | D:4      | Killed Prince Ribbit
  2693 | D:4      | Reached skill level 6 in Fighting
  2693 | D:4      | Reached XP level 6. HP: 40/58 MP: 3/3
  2766 | D:4      | Reached skill level 7 in Fighting
  2950 | D:4      | Found a glowing golden altar of the Shining One.
  2998 | D:4      | Found a staircase to the Ecumenical Temple.
  3100 | D:4      | Reached XP level 7. HP: 61/66 MP: 3/3
  3103 | D:4      | Noticed an ogre
  3115 | D:4      | Killed an ogre
  3158 | D:4      | Found a burning altar of Makhleb.
  3176 | D:4      | Reached skill level 8 in Maces & Flails
  3515 | D:5      | Entered Level 5 of the Dungeon
  3525 | D:5      | Found a shattered altar of Ashenzari.
  3647 | D:5      | Found Praded's Assorted Antiques.
  3655 | D:5      | Bought a scroll labeled QOPRIM OLIBB for 28 gold pieces
  3655 | D:5      | Bought a scroll labeled MOONLI JIUWIQOD for 28 gold pieces
  3655 | D:5      | Bought a fuming brown potion for 25 gold pieces
  3655 | D:5      | Bought a clouded tin ring for 140 gold pieces
  3730 | D:5      | Identified the ring of Umutoata {MP+9 Int+5 Slay+3} (You bought it in a shop on level 5 of the Dungeon)
  3880 | D:5      | Found an opulent altar of Gozag.
  4069 | D:6      | Noticed Kloppie's ghost (experienced DgFi)
  4075 | D:6      | Killed Kloppie's ghost
  4075 | D:6      | Reached skill level 9 in Fighting
  4075 | D:6      | Reached XP level 8. HP: 78/78 MP: 3/3
  4242 | D:6      | Reached skill level 10 in Fighting
  4242 | D:6      | Reached skill level 10 in Maces & Flails
  4360 | D:6      | Acquired Trog's third power
  4405 | D:6      | Reached XP level 9. HP: 76/85 MP: 4/4
  4415 | D:6      | Found a viscous altar of Jiyva.
  4489 | D:6      | Found Ydgheide's Book Shop.
  4593 | D:6      | Found a glowing drain.
  4604 | Sewer    | Entered a sewer
  5074 | D:6      | Reached skill level 5 in Armour
  5198 | D:6      | Reached skill level 11 in Maces & Flails
  5646 | D:7      | Noticed Blork the orc
  5656 | D:7      | Killed Blork the orc
  5788 | D:7      | Found a glowing silver altar of Zin.
  5953 | D:8      | Noticed Joseph
  6015 | D:8      | Found a radiant altar of Vehumet.
  6081 | D:8      | Reached skill level 12 in Maces & Flails
  6153 | D:8      | Reached XP level 10. HP: 74/93 MP: 4/4
  6178 | D:8      | Received a gift from Trog
  6392 | D:8      | Found a shadowy altar of Dithmenos.
  6396 | D:8      | Noticed Gastronok
  6420 | D:8      | Killed Joseph
  6429 | D:8      | Killed Gastronok
  6429 | D:8      | Reached skill level 13 in Maces & Flails
  6609 | D:8      | Reached skill level 10 in Armour
  7084 | D:9      | Found a shimmering altar of Xom.
  7257 | D:9      | Reached skill level 14 in Maces & Flails
  7273 | D:9      | Noticed a hill giant
  7366 | D:9      | Killed a hill giant
  7366 | D:9      | Reached XP level 11. HP: 81/102 MP: 4/4
  7660 | D:10     | Entered Level 10 of the Dungeon
  7812 | D:10     | Found Uhuneg's Antique Armour Shoppe.
  7879 | D:10     | Found a staircase to the Orcish Mines.
  7923 | D:10     | Noticed a hill giant
  7947 | D:10     | Killed a hill giant
  8142 | D:10     | Found a staircase to the Lair.
  8149 | D:10     | Noticed Sonja
  8225 | Lair:1   | Entered Level 1 of the Lair of Beasts
  8341 | Lair:1   | Identified a +0 rod of clouds (9/9) (You found it on level 10 of the Dungeon)
  9502 | D:10     | Noticed a centaur warrior
  9510 | D:10     | Killed a centaur warrior
  9870 | D:10     | Killed Sonja
  9998 | Lair:2   | Noticed a six-headed hydra
 10007 | Lair:2   | Killed a six-headed hydra
 10471 | Lair:2   | Received a gift from Trog
 10504 | Lair:2   | Got a jewelled quarterstaff {god gift}
 10702 | Lair:2   | Noticed Fannar
 10742 | Lair:2   | Killed Fannar
 11311 | Lair:3   | Identified a scroll of acquirement
 11312 | Lair:3   | Got a spiked hat
 11323 | Lair:3   | Identified the +1 hat of Magic {rElec rC- Int+4 Dex-4 Stlth+} (You acquired it on level 3 of the Lair of Beasts)
 11555 | Lair:3   | Reached XP level 12. HP: 118/118 MP: 5/5
 11752 | Lair:3   | Reached skill level 15 in Fighting
 13148 | Lair:4   | You fall through a shaft for 3 floors!
 13525 | Lair:6   | Found a staircase to the Swamp.
 13729 | Lair:5   | Found a staircase to the Snake Pit.
 13871 | Lair:4   | You fall through a shaft for 3 floors!
 13909 | Lair:7   | Received a gift from Trog
 14376 | Lair:6   | Reached XP level 13. HP: 119/126 MP: 5/5
 14388 | Lair:6   | Reached skill level 15 in Armour
 14938 | Lair:5   | Found a snail-covered altar of Cheibriados.
 15589 | Lair:6   | Found a staircase to the Slime Pits.
 15980 | Lair:6   | Reached skill level 5 in Dodging
 16109 | Lair:7   | Received a gift from Trog
 17653 | Lair:1   | Identified the +6 quarterstaff of the Realm of Zot {venom, rN+ MR+ Int+4} (Trog gifted it to you on level 2 of the Lair of Beasts)
 17725 | Orc:1    | Entered Level 1 of the Orcish Mines
 17970 | Orc:1    | Noticed Edmund
 17974 | Orc:1    | Killed Edmund
 18029 | Orc:2    | Found Smaajame's Antique Armour Shop.
 18110 | Orc:2    | Bought a pair of embroidered gloves for 139 gold pieces
 18110 | Orc:2    | Bought a shiny plate armour for 713 gold pieces
 18256 | Orc:2    | Received a gift from Trog
 18510 | Orc:1    | Found Iciupex's Food Emporium.
 18581 | Orc:1    | Received a gift from Trog
 18661 | Orc:3    | Reached skill level 10 in Dodging
 18815 | Orc:3    | Found a staircase to the Elven Halls.
 19200 | Orc:4    | Entered Level 4 of the Orcish Mines
 19332 | Orc:4    | Received a gift from Trog
 19370 | Orc:4    | Noticed a stone giant
 19382 | Orc:4    | Killed a stone giant
 19387 | Orc:4    | Reached XP level 14. HP: 46/135 MP: 4/5
 19746 | Orc:4    | Found Fahem Use's Gadget Shop.
 19752 | Orc:4    | Found Ames' Distillery.
 19927 | Orc:4    | Found Stuuqaq's Gadget Boutique.
 19928 | Orc:4    | Found Smoeff's Armour Boutique.
 19960 | Orc:4    | Received a gift from Trog
 20440 | Orc:4    | Bought the +3 swamp dragon armour "Niser" {rPois MR+ Str+2 Int+6} for 1416 gold pieces
 20779 | Lair:8   | Entered Level 8 of the Lair of Beasts
 20920 | Lair:8   | Found a dark tunnel.
 20933 | Volcano  | Entered a volcano
 21070 | Volcano  | Found an ancient bone altar of Kikubaaqudgha.
 22044 | Lair:8   | Got an ichor-stained broad axe
 22232 | Lair:8   | Received a gift from Trog
 22273 | Lair:8   | Reached skill level 15 in Dodging
 22336 | Lair:8   | Reached skill level 1 in Evocations
 22396 | Swamp:1  | Entered Level 1 of the Swamp
 22462 | Swamp:1  | Noticed Snorg
 22479 | Swamp:1  | Killed Snorg
 22732 | Swamp:1  | Noticed Roxanne
 22890 | Swamp:1  | Got a pair of faintly humming gloves
 22905 | Swamp:1  | Identified the +2 pair of gloves of Complete Protection {rC+ Regen+} (You found it on level 1 of the Swamp)
 23033 | Swamp:1  | Reached XP level 15. HP: 124/141 MP: 7/16
 23322 | Swamp:2  | Reached skill level 5 in Evocations
 24050 | Swamp:3  | HP: 1/141 [slime creature (12)]
 24239 | Swamp:3  | Received a gift from Trog
 24518 | Swamp:3  | Reached skill level 16 in Armour
 24925 | Swamp:4  | Found an ancient bone altar of Kikubaaqudgha.
 24963 | Swamp:4  | Noticed a thorn hunter
 24982 | Swamp:4  | Killed a thorn hunter
 25352 | Swamp:4  | Got a shadowed robe
 25353 | Swamp:4  | Identified the +4 robe "Heaghema" {rC+} (You found it on level 4 of the Swamp)
 26075 | Lair:1   | Reached XP level 16. HP: 151/151 MP: 10/23
 26213 | Snake:1  | Entered Level 1 of the Snake Pit
 26418 | Snake:1  | Received a gift from Trog
 26442 | Snake:1  | Reached skill level 17 in Armour
 26586 | Snake:1  | Found Evo Quv's Antique Armour Boutique.
 27075 | Snake:2  | Found Muamn's Weapon Emporium.
 27281 | Snake:2  | Noticed Nikola
 27292 | Snake:2  | Killed Nikola
 27292 | Snake:2  | Reached XP level 17. HP: 160/160 MP: 10/23
 28403 | Snake:3  | Received a gift from Trog
 28411 | Snake:3  | Got a polished chain mail
 28413 | Snake:3  | Identified the cursed -5 chain mail of Daffodils {rElec rN+ Int+3 Dex+2} (You found it on level 3 of the Snake Pit)
 28444 | Snake:3  | Reached skill level 18 in Armour
 29102 | Snake:4  | Noticed Vashnia
 29116 | Snake:4  | HP: 11/244 [Vashnia/bolt (3)]
 29116 | Snake:4  | HP: 3/244 [naga sharpshooter/arrow of frost[Vashnia] (8)]
 29116 | Snake:4  | Shot with an arrow of frost by a naga sharpshooter

Action                   |  1- 3 |  4- 6 |  7- 9 | 10-12 | 13-15 | 16-18 || total
-------------------------+-------+-------+-------+-------+-------+-------++-------
Melee: Mace              |    99 |   129 |   227 |       |       |       ||   455
       Morningstar       |       |       |    73 |   321 |       |       ||   394
       Flail             |       |       |    63 |       |       |       ||    63
       Dire flail        |       |       |       |   455 |   180 |       ||   635
       Great mace        |       |       |       |       |   927 |       ||   927
       Eveningstar       |       |       |       |       |   152 |   406 ||   558
Invok: Berserk           |       |     1 |     2 |     7 |     4 |     2 ||    16
       Trog's Hand       |       |       |       |     6 |     6 |     2 ||    14
       Brothers in Arms  |       |       |       |       |       |     1 ||     1
  Use: Scroll            |       |       |    23 |    10 |    10 |     1 ||    44
       Potion            |       |       |       |     3 |     4 |     1 ||     8
 Stab: Invisible         |     1 |       |       |       |       |       ||     1
       Paralysed         |     1 |       |       |       |       |       ||     1
  Eat: Chunk             |     1 |     7 |    13 |    29 |    38 |    10 ||    98
       Fruit             |       |       |       |     4 |     2 |       ||     6
       Beef jerky        |       |       |       |     3 |     2 |     3 ||     8
       Bread ration      |       |       |       |     1 |     1 |       ||     2
       Meat ration       |       |       |       |       |     1 |       ||     1
